Description

Roach/Rav/Muta

Replay - Roach/Rav/Muta

Build Order

Get SALT Encoding   

  12  0:00  Drone  
  13  0:12  Overlord  
  13  0:17  Drone  
  14  0:30  Drone x2  
  16  0:49  Hatchery  
  15  0:52  Drone x2  
  17  0:59  Drone  
  18  1:09  Extractor  
  17  1:14  Spawning Pool  
  17  1:17  Drone x2  
  18  1:29  Drone  
  20  1:53  Overlord  
  20  2:00  Queen x2  
  24  2:05  Zergling x2  
  26  2:10  Metabolic Boost  
  30  2:33  Zergling x4  
  32  2:41  Hatchery  
  33  2:54  Baneling Nest  
  33  2:57  Overlord  
  35  3:13  Zergling x12  
  41  3:24  Overlord  
  42  3:38  Evolution Chamber, Baneling x2  
  41  3:43  Zergling x2  
  49  4:01  Extractor x2  
  48  4:08  Overlord  
  48  4:11  Zerg Missile Weapons Level 1  
  55  4:37  Baneling x2  
  57  4:44  Queen  
  63  4:53  Lair  
  61  5:00  Roach Warren  
  61  5:01  Baneling x2  
  65  5:24  Queen  
  72  5:36  Pneumatized Carapace  
  72  5:39  Extractor  
  71  5:45  Extractor  
  72  5:58  Roach  
  71  6:07  Roach x7  
  85  6:14  Glial Reconstitution  
  85  6:15  Zerg Missile Weapons Level 2  
  87  6:28  Extractor  
  87  6:30  Roach x2  
  94  6:35  Overseer  
  114  6:53  Ravager x2  
  121  7:12  Evolution Chamber  
  144  7:40  Spire  
  144  7:43  Tunneling Claws  
  143  7:46  Burrow  
  145  7:52  Hatchery  
  124  8:57  Mutalisk x3  
  128  9:04  Mutalisk  
  130  9:11  Mutalisk  
  164  9:42  Ravager  
Spawning Tool Build Advisor. Get it on Overwolf

Go to:

Details

  • Created by: deathsbane  
  • Published on: Feb 28, 2020
  • Modified on: Feb 28, 2020
  • Patch: 4.11.0
Show
View Real Time Build Order
Export as new Build Order

Comments (0)

There are no comments. Be the first!

Create an account to comment!